 Dungeon Crawl Stone Soup version 0.21-a0-277-geaec956 (webtiles) character file.

4165 Blackbelt the Basher (level 9, 0/81 HPs)
             Began as a Demigod Gladiator on Sept 20, 2017.
             Slain by a killer bee (8 damage)
             ... on level 8 of the Dungeon.
             The game lasted 00:17:30 (7623 turns).

Blackbelt the Basher (Demigod Gladiator)            Turns: 7623, Time: 00:17:31

Health: 0/81       AC: 13    Str: 17    XL:     9   Next: 80%
Magic:  20/20      EV: 17    Int: 12    God:
Gold:   522        SH:  0    Dex: 23    Spells: 8/8 levels left

rFire    + . .     SeeInvis .   J - +3 flail
rCold    . . .     Gourm    .   (no shield)
rNeg     . . .     Faith    .   s - +0 ring mail {rF+}
rPois    .         Spirit   .   c - +0 helmet
rElec    .         Reflect  .   K - +2 cloak
rCorr    .         Harm     .   r - +2 pair of gloves
MR       .....                  C - +0 pair of boots
Stlth    +.........             (no amulet)
HPRegen  0.23/turn              i - ring of magical power
MPRegen  0.17/turn              o - +2 ring of slaying

@: lethally poisoned (0 -> -21)
A: high mp 1
a: no special abilities


You were on level 8 of the Dungeon.
You were near starving.

You visited 1 branch of the dungeon, and saw 8 of its levels.
You also visited: Sewer.

You collected 522 gold pieces.

Inventory:

Hand Weapons
 a - a +0 flail
 J - a +3 flail (weapon)
Armour
 b - a +0 leather armour
 c - a +0 helmet (worn)
 j - a +0 pair of boots
 r - a +2 pair of gloves (worn)
 s - a +0 ring mail of fire resistance (worn)
 y - a +0 cloak
 C - a +0 pair of boots (worn)
 K - a +2 cloak (worn)
Jewellery
 i - a ring of magical power (left hand)
 o - a +2 ring of slaying (right hand)
 u - an uncursed ring of magical power
 N - an uncursed ring of fire
Wands
 v - a wand of digging (15/24)
 w - a wand of flame (31/48)
 G - a wand of paralysis (11/24)
 I - a wand of random effects (38/48)
 L - a wand of digging (14/24)
 O - a wand of polymorph (17/24)
Scrolls
 e - 4 scrolls of teleportation
 m - a scroll of fog {unknown}
 t - a scroll of magic mapping {unknown}
 x - 2 scrolls of remove curse {unknown}
 A - a scroll of random uselessness {unknown}
 D - a scroll of fear
 H - a scroll of enchant armour {unknown}
 M - a scroll of blinking {unknown}
Potions
 h - 5 potions of curing
 k - a potion of haste
 l - 2 potions of magic
 n - a potion of lignification
 p - 2 potions of brilliance
 q - a potion of flight
 z - a potion of berserk rage
 B - a potion of mutation
 E - a potion of agility
Comestibles
 f - 4 bread rations
 g - 7 meat rations
 F - a royal jelly


   Skills:
 + Level 7.8 Fighting
 - Level 8.8 Maces & Flails
 - Level 1.7 Throwing
 - Level 7.8 Dodging


You had 8 spell levels left.
You didn't know any spells.

Dungeon Overview and Level Annotations

Branches:
Dungeon (8/15)             Temple (0/1) D:4
   Lair: D:8-11


Innate Abilities, Weirdness & Mutations

You have an increased reservoir of magic. (+10% MP)


Message History

You hit the killer bee.
The killer bee is moderately wounded.
You feel sick.
The killer bee stings you but does no damage.
The killer bee closely misses you.
You sock the killer bee!
You kill the killer bee!
You feel sick. The killer bee stings you!
* * * LOW HITPOINT WARNING * * *
You are more poisoned.
The killer bee poisons you!
You hit the killer bee.
The killer bee is lightly wounded.
* * * LOW HITPOINT WARNING * * *
You feel sick. The killer bee misses you. The killer bee closely misses you.
You hit the killer bee.
The killer bee is moderately wounded.
* * * LOW HITPOINT WARNING * * *
You feel sick. The killer bee stings you!
You die...

%.. .# .# #.# .#
. .# #.# .#
....#####.# .#
#.......#.# ##.#
#...#...#.# #..#
##........#####.#
#......#...†y@..#
#.....<..#####.#
#..#...### #.#
#...# #.# ###.#
#.# #.# ..# ...
#.# ... ..# ...


You could see a killer bee.

Vanquished Creatures
  The ghost of kohrah the Arsonist, a novice DEFE (D:7)
  The ghost of odie the Cudgeler, an amateur MiBe of Trog (Sewer)
  A queen bee (D:8)
  Grinder (D:5)
  Sigmund (D:5)
  2 ice beasts
  A sky beast (D:8)
  A necrophage (D:8)
  A black bear (D:6)
  An ogre (D:3)
  5 big kobolds (Sewer)
  Blork the orc (D:6)
  4 bullfrogs
  A scorpion (D:7)
  12 killer bees (D:8)
  4 wights (D:7)
  4 crimson imps
  3 bullfrog zombies
  A quasit (D:7)
  2 hounds (D:5)
  3 orc priests (D:4)
  A bullfrog skeleton (D:5)
  A centaur skeleton (D:5)
  An iguana (D:6)
  An orc wizard (D:5)
  2 worker ants
  2 hound zombies
  2 worker ant zombies
  6 gnolls
  15 adders
  5 river rats
  3 shadow imps (D:5)
  4 oozes
  An adder zombie (D:5)
  11 worms
  4 leopard geckos
  9 orcs
  7 ball pythons
  6 bats
  7 giant cockroaches
  6 goblins
  4 hobgoblins
  4 jackals (D:1)
  8 kobolds
  4 quokkas
  5 frilled lizards
  A quokka zombie (D:5)
  7 rats
178 creatures vanquished.

Notes
Turn   | Place    | Note
-------+----------+-------------------------------------------
     0 | D:1      | Blackbelt the Demigod Gladiator began the quest for the Orb.
     0 | D:1      | Reached XP level 1. HP: 17/17 MP: 3/3
    62 | D:1      | Reached skill level 3 in Maces & Flails
   420 | D:1      | Reached XP level 2. HP: 20/24 MP: 4/4
  1027 | D:2      | Found an ornate altar of the Wu Jian Council.
  1044 | D:2      | Reached XP level 3. HP: 9/29 MP: 5/5
  1322 | D:2      | Reached skill level 4 in Maces & Flails
  1631 | D:2      | Reached XP level 4. HP: 19/36 MP: 6/6
  2070 | D:3      | Found a shadowy altar of Dithmenos.
  2194 | D:3      | Reached skill level 5 in Maces & Flails
  2208 | D:3      | Noticed an ogre
  2270 | D:3      | Killed an ogre
  2270 | D:3      | Reached skill level 6 in Maces & Flails
  2270 | D:3      | Reached XP level 5. HP: 41/41 MP: 7/7
  2442 | D:3      | Found a glowing drain.
  2454 | Sewer    | Entered a sewer
  2454 | Sewer    | Noticed odie's ghost (amateur MiBe)
  2472 | Sewer    | Killed odie's ghost
  2472 | Sewer    | Reached skill level 7 in Maces & Flails
  2472 | Sewer    | Reached XP level 6. HP: 22/48 MP: 8/8
  2882 | Sewer    | Reached XP level 7. HP: 33/53 MP: 9/9
  3043 | Sewer    | Reached skill level 8 in Maces & Flails
  3912 | D:3      | Found a hazy altar of Hepliaklqana.
  3923 | D:3      | Found an opulent altar of Gozag.
  4332 | D:4      | Found a staircase to the Ecumenical Temple.
  4561 | D:4      | Found a stormy altar of Qazlal.
  4884 | D:5      | Entered Level 5 of the Dungeon
  4911 | D:5      | Reached XP level 8. HP: 50/60 MP: 10/10
  5111 | D:5      | Noticed Sigmund
  5232 | D:5      | Killed Sigmund
  5232 | D:5      | Reached skill level 5 in Dodging
  5577 | D:5      | Noticed Grinder
  5582 | D:5      | Paralysed by Grinder for 3 turns
  5589 | D:5      | Killed Grinder
  5672 | D:5      | Found an iron altar of Okawaru.
  6162 | D:6      | Found a white marble altar of Elyvilon.
  6273 | D:6      | Found a glowing silver altar of Zin.
  6481 | D:6      | Noticed Blork the orc
  6488 | D:6      | Killed Blork the orc
  6488 | D:6      | Reached XP level 9. HP: 66/68 MP: 11/11
  6725 | D:7      | Noticed kohrah's ghost (novice DEFE)
  6738 | D:7      | Killed kohrah's ghost
  6738 | D:7      | Reached skill level 5 in Fighting
  6929 | D:7      | Found a bloodstained altar of Trog.
  7338 | D:7      | Found a shimmering altar of Xom.
  7623 | D:8      | Slain by a killer bee

Vault maps used:
D:1:      evilmike_arrival_run_for_it
D:2:      overflow_temple_1_default, minmay_misc_feat_hallway
D:3:      overflow_temple_1_default, nicolae_dithmenos_shadow_blocks,
          nicolae_gozag_cash_rules_everything_around_me, portal_sewer_entry_b,
          kennysheep_generic_room_16
D:4:      nicolae_overflow_crystal_walls, minmay_temple_entry_overgrown,
          first_bread
D:5:      serial_undead, serial_undead_c, serial_undead_d, serial_undead_e,
          serial_undead_b, minmay_misc_feat_tiny, okawaru_altar_gauntlet_db,
          uniq_grinder, uniq_sigmund
D:6:      zin_treasury, lemuel_round_altar, uniq_blork_the_orc
D:7:      bloody_trog, marbit_many_paths
D:8:      lemuel_mausoleum_altar_kikubaaqudgha, lightli_temple_of_fire,
          kennysheep_mini, david_nohive_1
Sewer:    sewer_co_tree

Skill      XL: |  1  2  3  4  5  6  7  8  9 |
---------------+----------------------------+-----
Maces & Flails | 3 4 6 7 8 |  8.8
Dodging        | 4 7 |  7.8
Fighting       | 2 7 |  7.8
Throwing       | |  1.7

Action                   |  1- 3 |  4- 6 |  7- 9 || total
-------------------------+-------+-------+-------++-------
Melee: Flail             |   120 |   145 |   599 ||   864
Throw: Throwing net      |       |     1 |     3 ||     4
Evoke: Wand              |       |       |     1 ||     1
  Use: Scroll            |       |     5 |     4 ||     9
       Potion            |       |     8 |       ||     8
 Stab: Sleeping          |     3 |       |     5 ||     8
       Held in net/web   |       |     2 |     4 ||     6
  Eat: Chunk             |     2 |     2 |     9 ||    13
       Bread ration      |       |     1 |       ||     1
       Royal jelly       |       |       |     2 ||     2
Armor: Leather armour    |    49 |    56 |    41 ||   146
       Ring mail         |       |       |   126 ||   126
Dodge: Dodged            |   122 |   139 |   471 ||   732

Table legend:
 A = Spawn XP
 B = Non-spawn XP
 C = Spawn XP percentage of total XP
 D = Spawn monster count
 E = Non-spawn monster count
 F = Spawn count percentage of total count
 G = Total turns spent on level
                    A         B        C        D         E        F      G
               +---------+---------+-------+---------+---------+-------+---------
         Total |       0 |    5950 |   0.0 |       0 |     178 |   0.0 |  7623
               +---------+---------+-------+---------+---------+-------+---------
           D:1 |       0 |      28 |   0.0 |       0 |      13 |   0.0 |  1027
           D:2 |       0 |     120 |   0.0 |       0 |      26 |   0.0 |  1013
           D:3 |       0 |     261 |   0.0 |       0 |      23 |   0.0 |  1171
           D:4 |       0 |     273 |   0.0 |       0 |       8 |   0.0 |   559
           D:5 |       0 |    1040 |   0.0 |       0 |      30 |   0.0 |   985
           D:6 |       0 |     708 |   0.0 |       0 |      17 |   0.0 |   814
           D:7 |       0 |    1103 |   0.0 |       0 |      15 |   0.0 |   794
           D:8 |       0 |    1463 |   0.0 |       0 |      17 |   0.0 |   146
         Sewer |       0 |     954 |   0.0 |       0 |      29 |   0.0 |  1114
               +---------+---------+-------+---------+---------+-------+---------
